 Dungeon Sprint DCSS version 0.19.1-1-g22dce08 (webtiles) character file.

25392 snakesoliden the Impregnable (level 12, -6/144 HPs)
             Began as a Deep Dwarf Fighter on Dec 29, 2016.
             Was the Champion of the Shining One.
             Mangled by a tarantella (13 damage)
             ... in the Dungeon (Sprint IX: "|||||||||||||||||||||||||||||").
             The game lasted 00:38:13 (2217 turns).

snakesoliden the Impregnable (Deep Dwarf Fighter)   Turns: 2217, Time: 00:38:14

Health: -6/144     AC:  3    Str: 28    XL:     12   Next: 89%
Magic:  0/0        EV: 11    Int: 11    God:    the Shining One [******]
Gold:   1534       SH:  0    Dex: 12    Spells: 0 memorised, 11 levels left

rFire  . . .     SeeInvis .     H - +1 double sword (holy)
rCold  . . .     Gourm    .     h - +3 plate armour
rNeg   + + +     Faith    .     J - +2 large shield
rPois  .         Spirit   .     r - +0 helmet
rElec  .         Reflect  .     B - +0 cloak
rCorr  .         Harm     .     i - +2 pair of gloves
MR     .....     NoTele   +     C - +0 pair of boots
Stlth  ..........               (no amulet)
                                t - +2 ring of evasion
                                s - +2 ring of evasion

@: confused, berserking, vulnerable, corroded, very slightly contaminated,
non-regenerating, glowing, very quick
A: damage resistance, recharge devices, sense surroundings 2, slow regeneration
3
a: Device Recharging, Divine Shield, Cleansing Flame, Summon Divine Warrior,
Brand Weapon With Holy Wrath, Renounce Religion


You were in the Dungeon.
You worshipped the Shining One.
The Shining One was exalted by your worship.
You were full.

You visited 1 branch You collected 1900 gold pieces.
You spent 366 gold pieces at shops.

Inventory:

Hand Weapons
 p - a +2 scimitar of flaming
 H - a +1 double sword of holy wrath (weapon)
 I - a +1 great sword
Armour
 h - a +3 plate armour (worn)
 i - a +2 pair of gloves (worn)
 r - a +0 helmet (worn)
 B - a +0 cloak (worn)
 C - a +0 pair of boots (worn)
 J - a +2 large shield (worn)
Jewellery
 q - an uncursed ring of protection from cold
 s - a +2 ring of evasion (left hand)
 t - a +2 ring of evasion (right hand)
 E - an uncursed ring of fire
 F - an uncursed ring of protection from magic
 G - an uncursed ring of fire
Wands
 e - a wand of heal wounds (3/9)
 o - a wand of acid (0/15)
Scrolls
 c - a scroll of fog
 m - 5 scrolls of remove curse
 n - 2 scrolls of amnesia
 x - 2 scrolls of recharging
 y - a scroll of identify
Potions
 b - 2 potions of heal wounds
 d - 3 potions of cure mutation
 g - 3 potions of curing
 j - 4 potions of magic
 D - 2 potions of agility
Comestibles
 f - 10 bread rations
 z - 39 fruits
 A - 12 meat rations


   Skills:
 - Level 2.6 Fighting
 * Level 15.7 Long Blades
 - Level 25.3 Armour
 - Level 16.0 Shields


You had 11 spell levels left.
You didn't know any spells.

Dungeon Overview and Level Annotations

Branches:
Dungeon (1/1)

Altars:
Cheibriados
Dithmenos
Elyvilon
Fedhas
Gozag
Hepliaklqana
Kikubaaqudgha
Makhleb
Nemelex Xobeh
Okawaru
Qazlal
Ru
Sif Muna
Trog
Uskayaw
Vehumet
Xom
Yredelemnul
Zin
The Shining One
Beogh
Jiyva
Lugonu

Shops:
D }**%


Innate Abilities, Weirdness & Mutations

You are resistant to damage.
You can recharge devices by infusing magical energy.
You passively map the area around you.
You do not regenerate.


Message History

The jumping spider is almost dead.
You hit the jumping spider but do no damage.
The jumping spider is almost dead.
The jumping spider leaps!
You block the tarantella's attack.
Your shield and plate armour prevent you from hitting the tarantella.
You block the tarantella's attack.
You slash the tarantella!
The tarantella is moderately wounded.
You block the tarantella's attack.
You hit the tarantella but do no damage.
The tarantella is moderately wounded.
The tarantella bites you!
* * * LOW HITPOINT WARNING * * *
You are confused.
You are too berserk!
You closely miss the tarantella.
The tarantella is lightly wounded.
The tarantella bites you!
You die...

....[..)))))..)....).).▓
▓▓▓▓▓▓▓▓▓▓▓▓▓▓▓▓▓▓▓▓▓▓.▓
))).).)(.'.))..)....)..▓
▓▓▓▓▓▓▓▓▓▓▓▓▓▓▓▓▓▓▓▓▓▓▓▓
.......................▓
▓▓▓▓▓▓▓▓▓▓▓▓▓▓▓▓▓▓▓▓▓▓.▓
).)).))).....'.........▓
▓▓▓▓▓▓▓▓▓▓▓▓▓▓▓▓▓▓▓▓▓▓▓▓
...............^@ss....▓
▓▓▓▓▓▓▓▓▓▓▓▓▓▓▓▓▓▓▓▓▓▓.▓
w..)))^†..§.s..y.s§s...▓
▓▓▓▓▓▓▓▓▓▓▓▓▓▓▓▓▓▓▓▓▓▓▓▓
, , , , ,, , * **** * *
* * * , , , , , * ** * *
* * * , , ,,, ,


You could see a jumping spider and a tarantella.

Vanquished Creatures
  A sphinx (D)
  Gastronok (D)
  A stone giant (D)
  A merfolk impaler (D)
  A rakshasa (D)
  An ice dragon (D)
  A merfolk avatar (D)
  3 sea snakes (D)
  A glowing orange brain (D)
  4 deep trolls (D)
  7 hill giants (D)
  6 orc knights (D)
  2 ugly things (D)
  A deep elf mage (D)
  Psyche (D)
  A black mamba (D)
  2 sirens (D)
  A rime drake (D)
  A komodo dragon (D)
  A yaktaur (D)
  3 trolls (D)
  A blink frog (D)
  A merfolk (D)
  2 tyrant leeches (D)
  3 hippogriffs (D)
  A redback (D)
  A wyvern (D)
  4 yaks (D)
  A vampire mosquito (D)
  A mottled dragon (D)
  4 water moccasins (D)
  A porcupine (D)
  8 orc warriors (D)
  2 ice beasts (D)
  An ogre (D)
  3 crocodiles (D)
  A big kobold (D)
  3 bullfrogs (D)
  A killer bee (D)
  A wight (D)
  A crimson imp (D)
  3 orc wizards (D)
  3 orc priests (D)
  2 worker ants (D)
  An ooze (D)
  An adder zombie (D)
  An adder skeleton (D)
  6 worms (D)
  7 orcs (D)
  A giant cockroach (D)
  A goblin (D)
  A hobgoblin (D)
  A frilled lizard (D)
  A giant cockroach zombie (D)
  A leopard gecko skeleton (D)
  A rat (D)
113 creatures vanquished.

Notes
Turn   | Place    | Note
-------+----------+-------------------------------------------
     0 | D        | snakesoliden the Deep Dwarf Fighter began the quest for the Orb.
     0 | D        | Reached XP level 1. HP: 20/20 MP: 1/1
    15 | D        | Reached skill level 4 in Armour
    25 | D        | Reached skill level 5 in Armour
    25 | D        | Reached XP level 2. HP: 27/27 MP: 2/2
    32 | D        | Noticed an ogre
    37 | D        | Reached skill level 7 in Armour
    37 | D        | Reached XP level 3. HP: 29/33 MP: 3/3
    50 | D        | Killed an ogre
    50 | D        | Reached skill level 10 in Armour
    50 | D        | Reached XP level 4. HP: 36/40 MP: 4/4
   173 | D        | Found a roughly hewn altar of Beogh.
   173 | D        | Found a snail-covered altar of Cheibriados.
   173 | D        | Found a shadowy altar of Dithmenos.
   173 | D        | Found a white marble altar of Elyvilon.
   173 | D        | Found a blossoming altar of Fedhas.
   173 | D        | Found an opulent altar of Gozag.
   174 | D        | Found a hazy altar of Hepliaklqana.
   175 | D        | Found a viscous altar of Jiyva.
   176 | D        | Found an ancient bone altar of Kikubaaqudgha.
   179 | D        | Found a corrupted altar of Lugonu.
   180 | D        | Found a burning altar of Makhleb.
   181 | D        | Found a sparkling altar of Nemelex Xobeh.
   182 | D        | Found an iron altar of Okawaru.
   183 | D        | Found a stormy altar of Qazlal.
   184 | D        | Found a sacrificial altar of Ru.
   185 | D        | Found a deep blue altar of Sif Muna.
   186 | D        | Found a bloodstained altar of Trog.
   187 | D        | Found a hide-covered altar of Uskayaw.
   188 | D        | Found a radiant altar of Vehumet.
   189 | D        | Found a shimmering altar of Xom.
   190 | D        | Found a basalt altar of Yredelemnul.
   191 | D        | Found a glowing silver altar of Zin.
   192 | D        | Found a glowing golden altar of the Shining One.
   200 | D        | Became a worshipper of the Shining One
   252 | D        | Noticed a big kobold
   252 | D        | Noticed a hippogriff
   252 | D        | Noticed an ice beast
   252 | D        | Reached * piety under the Shining One
   252 | D        | Noticed a bullfrog
   253 | D        | Killed a bullfrog
   253 | D        | Reached skill level 12 in Armour
   253 | D        | Reached XP level 5. HP: 41/46 MP: 5/5
   256 | D        | Killed an ice beast
   256 | D        | Reached skill level 13 in Armour
   256 | D        | Reached XP level 6. HP: 36/55 MP: 6/6
   266 | D        | Killed a hippogriff
   266 | D        | Reached skill level 15 in Armour
   276 | D        | Reached XP level 7. HP: 36/61 MP: 7/7
   286 | D        | Noticed a hill giant
   286 | D        | Reached ** piety under the Shining One
   286 | D        | Noticed a vampire mosquito
   290 | D        | Reached skill level 16 in Armour
   300 | D        | Killed a hill giant
   300 | D        | Reached skill level 18 in Armour
   300 | D        | Reached XP level 8. HP: 36/68 MP: 8/8
   303 | D        | Reached *** piety under the Shining One
   427 | D        | Reached **** piety under the Shining One
   434 | D        | Reached skill level 19 in Armour
   440 | D        | Noticed a blink frog
   452 | D        | Reached skill level 20 in Armour
   454 | D        | Gained mutation: You passively map the area around you. [Deep Dwarf growth]
   454 | D        | Reached XP level 9. HP: 37/74 MP: 7/7
   492 | D        | Noticed a rime drake
   492 | D        | Reached ***** piety under the Shining One
   492 | D        | Noticed a black mamba
   501 | D        | Killed a black mamba
   501 | D        | Reached skill level 21 in Armour
   512 | D        | Killed a rime drake
   520 | D        | Reached skill level 22 in Armour
   560 | D        | Noticed a tyrant leech
   560 | D        | Noticed a tyrant leech
   573 | D        | Killed a tyrant leech
   573 | D        | Reached ****** piety under the Shining One
   573 | D        | Reached XP level 10. HP: 60/81 MP: 6/6
   669 | D        | Noticed Gastronok
   699 | D        | Killed Gastronok
   699 | D        | Reached skill level 24 in Armour
   738 | D        | Noticed Psyche
   744 | D        | Paralysed by Psyche for 4 turns
   749 | D        | Killed Psyche
   795 | D        | Noticed an orc knight
   842 | D        | Killed an orc knight
   924 | D        | Noticed an orc knight
   926 | D        | Noticed an orc knight
   986 | D        | Killed an orc knight
   986 | D        | Reached skill level 25 in Armour
  1018 | D        | Killed an orc knight
  1022 | D        | HP: 2/81 [orc warrior/halberd (14)]
  1024 | D        | Reached XP level 11. HP: 2/88 MP: 5/5
  1096 | D        | Noticed an orc knight
  1115 | D        | Killed an orc knight
  1135 | D        | Noticed an orc knight
  1162 | D        | Killed an orc knight
  1182 | D        | Found Porui's Food Boutique.
  1182 | D        | Noticed a hill giant
  1182 | D        | Noticed a hill giant
  1182 | D        | Noticed a hill giant
  1183 | D        | Noticed a hill giant
  1185 | D        | Noticed a deep troll
  1189 | D        | Killed a hill giant
  1193 | D        | Killed a hill giant
  1193 | D        | Reached skill level 10 in Shields
  1199 | D        | Killed a hill giant
  1226 | D        | Killed a hill giant
  1237 | D        | Killed a deep troll
  1238 | D        | Found Cestok's General Store.
  1244 | D        | Found Kett's General Store.
  1246 | D        | Noticed a deep troll
  1247 | D        | Found Zyuhef's Gadget Shop.
  1267 | D        | Killed a deep troll
  1271 | D        | Noticed a hill giant
  1272 | D        | Noticed a hill giant
  1273 | D        | Noticed a deep troll
  1297 | D        | Killed a hill giant
  1336 | D        | Killed a hill giant
  1379 | D        | Killed a deep troll
  1379 | D        | Reached skill level 15 in Shields
  1420 | D        | Noticed a deep troll
  1433 | D        | Killed a deep troll
  1474 | D        | Bought a +2 pair of gloves for 198 gold pieces
  1474 | D        | Bought a potion of agility for 48 gold pieces
  1506 | D        | Bought a potion of haste for 120 gold pieces
  1740 | D        | Noticed a deep elf mage
  1740 | D        | Noticed an orc knight
  1741 | D        | Noticed a purple ugly thing
  1745 | D        | Noticed a stone giant
  1757 | D        | Killed an orc knight
  1771 | D        | Reached XP level 12. HP: 79/96 MP: 2/2
  1777 | D        | Reached skill level 5 in Long Blades
  1821 | D        | Killed a stone giant
  1833 | D        | Noticed an ice dragon
  1855 | D        | Noticed a rakshasa
  1859 | D        | Noticed a sphinx
  1870 | D        | Killed an ice dragon
  1870 | D        | Reached skill level 10 in Long Blades
  1888 | D        | Killed a rakshasa
  1900 | D        | Killed a sphinx
  2059 | D        | Noticed a merfolk avatar
  2060 | D        | Noticed a merfolk impaler
  2078 | D        | Killed a merfolk avatar
  2132 | D        | Killed a merfolk impaler
  2146 | D        | Reached skill level 15 in Long Blades
  2164 | D        | Noticed a spark wasp
  2168 | D        | Noticed an entropy weaver
  2216 | D        | HP: 7/144 [tarantella (11)]
  2217 | D        | Mangled by a tarantella

Skill      XL: |  1  2  3  4  5  6  7  8  9 10 11 12 |
---------------+-------------------------------------+-----
Armour         | 5 7 10 12 13 15 18 20 22 25 | 25.3
Shields        | 16 | 16.0
Long Blades    | 4 15 | 15.7
Fighting       | |  2.6

Action                   |  1- 3 |  4- 6 |  7- 9 | 10-12 || total
-------------------------+-------+-------+-------+-------++-------
Melee: Long sword        |    37 |    16 |       |       ||    53
       Scimitar          |       |    23 |   127 |   284 ||   434
       Double sword      |       |       |       |   256 ||   256
Invok: Divine Shield     |       |       |       |     6 ||     6
 Abil: Device Recharging |       |       |     4 |     8 ||    12
Evoke: Wand              |     3 |       |     9 |    48 ||    60
  Use: Potion            |       |       |     2 |    13 ||    15
       Scroll            |       |       |       |    10 ||    10
  Eat: Fruit             |       |       |       |     1 ||     1
       Bread ration      |       |       |       |     3 ||     3
Armor: Scale mail        |    12 |     8 |       |       ||    20
       Ring mail         |       |    14 |    40 |     4 ||    58
       Leather armour    |       |       |       |    20 ||    20
       Plate armour      |       |       |       |   180 ||   180
Dodge: Dodged            |     9 |    14 |    57 |   192 ||   272
Block: Shield            |    12 |    17 |    54 |   236 ||   319
       Large shield      |       |       |       |   238 ||   238
       Rpst.: Long sword |     4 |     2 |       |       ||     6
       Scimitar          |       |     3 |    14 |    16 ||    33
       Double sword      |       |       |       |    15 ||    15
